Map: [TLMC15] Berlingrad

Players

Dream - Winner!

  • Race: Terran Terran

Serral

  • Race: Zerg Zerg

Event: DreamHack SC2 Masters Last Chance 2022

VOD

Have the link to the VOD?

Description

Time

  • Played on: Jan. 14, 2022, 11:28 a.m.
  • Length: 7:55

All games in this series

Show
View Real Time Build Order
Export as new Build Order

Dream Terran - Winner!

Build Orders: Hellion Opening, Reaper Expand 

Get SALT Encoding   

  12  0:00  SCV  
  13  0:12  SCV  
  14  0:17  Supply Depot  
  14  0:24  SCV  
  15  0:39  SCV  
  15  0:40  Barracks  
  16  0:43  Refinery  
  16  0:51  SCV  
  17  1:03  SCV  
  18  1:15  SCV  
  19  1:27  Reaper, Orbital Command  
  20  1:39  Command Center  
  20  1:49  Supply Depot  
  20  1:53  SCV  
  21  1:59  Marine  
  22  2:05  SCV  
  22  2:08  Factory  
  23  2:17  SCV  
  23  2:21  Barracks Reactor  
  24  2:25  Refinery  
  24  2:29  SCV  
  25  2:38  Bunker  
  25  2:41  SCV  
  26  2:50  Orbital Command  
  26  2:53  SCV  
  27  3:00  Starport  
  27  3:01  Hellion x2  
  31  3:06  SCV  
  32  3:13  Barracks Tech Lab  
  32  3:16  SCV  
  32  3:18  SCV  
  34  3:22  Hellion x2  
  38  3:28  SCV  
  38  3:31  SCV  
  38  3:32  Supply Depot  
  40  3:34  Stimpack  
  40  3:37  Viking  
  40  3:41  SCV  
  43  3:43  SCV  
  44  3:52  Hellion  
  44  3:54  Hellion, SCV  
  44  3:55  SCV  
  50  3:56  Marine  
  50  3:57  Supply Depot  
  51  4:07  SCV x2  
  53  4:16  Starport Reactor  
  53  4:19  SCV x2, Barracks x2  
  53  4:23  Factory Tech Lab  
  55  4:26  Refinery, Engineering Bay, Marine  
  55  4:31  SCV x2  
  57  4:37  Supply Depot  
  58  4:43  SCV x2  
  58  4:44  Marine  
  61  4:53  Supply Depot  
  61  4:54  Barracks  
  61  4:59  Siege Tank  
  64  5:01  Terran Infantry Weapons Level 1  
  64  5:03  Barracks  
  64  5:04  Starport Reactor  
  64  5:06  SCV x2  
  66  5:08  Supply Depot, Marine  
  66  5:11  Refinery  
  66  5:12  Supply Depot  
  67  5:15  Combat Shield  
  67  5:20  Marine x2  
  67  5:21  Marine x2  
  69  5:26  Marine  
  72  5:34  Supply Depot  
  75  5:35  Siege Tank  
  75  5:38  Marine  
  75  5:41  Medivac x2  
  75  5:42  Marine x2  
  82  5:43  Marine x2  
  82  5:45  Marine  
  85  5:51  Supply Depot  
  85  5:55  Marine x2  
  87  5:59  Supply Depot  
  87  6:00  Marine  
  87  6:02  Marine  
  87  6:03  Marine  
  90  6:05  Marine  
  90  6:06  Marine  
  90  6:10  Siege Tank  
  95  6:15  Medivac  
  95  6:18  Liberator  
  100  6:20  Marine x4  
  100  6:21  Marine  
  100  6:23  Marine  
  106  6:30  Marine  
  107  6:35  Supply Depot x2  
  107  6:38  Marine x4  
  111  6:41  Marine x2  
  113  6:48  Marine  
  114  6:55  Supply Depot, Marine x2  
  114  6:56  Marine x2  
  114  6:59  Marine  
  119  7:02  Siege Tank  
  119  7:07  Supply Depot  
  119  7:08  Marine x2  
  121  7:13  Marine x2  
  121  7:15  Marine  
  126  7:22  Marine x2  
  128  7:26  Marine x2  
  130  7:31  Marine x2  
  130  7:33  Marine  
Show
View Real Time Build Order
Export as new Build Order

Serral Zerg 

Build Orders: Pool First 

Get SALT Encoding   

  12  0:00  Drone  
  13  0:12  Overlord  
  13  0:17  Drone  
  14  0:30  Drone  
  14  0:31  Drone  
  16  0:40  Spawning Pool  
  15  0:43  Drone  
  15  0:47  Drone  
  17  1:07  Hatchery  
  17  1:10  Drone  
  17  1:27  Zergling x6  
  17  1:29  Queen  
  17  1:31  Extractor  
  21  1:38  Overlord  
  21  1:51  Drone  
  22  2:00  Drone  
  23  2:05  Queen  
  25  2:14  Drone  
  26  2:19  Drone  
  26  2:20  Queen  
  26  2:21  Drone  
  29  2:30  Drone  
  29  2:32  Drone  
  31  2:38  Metabolic Boost  
  31  2:40  Drone  
  31  2:41  Drone  
  31  2:42  Drone  
  31  2:44  Drone  
  35  2:48  Drone  
  36  2:52  Overlord  
  36  3:06  Drone, Hatchery  
  36  3:11  Overlord  
  36  3:15  Drone x2  
  36  3:16  Drone  
  36  3:18  Drone  
  40  3:20  Drone  
  40  3:22  Drone  
  40  3:24  Drone  
  43  3:29  Queen  
  45  3:35  Queen  
  45  3:37  Drone  
  45  3:39  Drone  
  49  3:42  Overlord  
  49  3:47  Zergling x6  
  52  3:53  Overlord  
  52  4:02  Drone x5  
  57  4:03  Baneling Nest  
  57  4:06  Overlord  
  57  4:07  Zergling x2  
  57  4:09  Drone  
  58  4:13  Queen  
  60  4:18  Queen  
  60  4:21  Zergling x2  
  60  4:23  Overlord  
  63  4:26  Zergling x4  
  63  4:29  Drone x2  
  67  4:33  Overlord  
  67  4:37  Zergling x2  
  68  4:39  Overlord  
  68  4:40  Drone x2  
  68  4:44  Overlord  
  70  4:46  Zergling x2  
  70  4:47  Baneling x3  
  70  4:48  Drone x2  
  70  4:52  Overlord  
  73  4:56  Lair  
  73  4:57  Extractor  
  73  4:58  Queen  
  73  5:01  Drone x2  
  73  5:02  Drone  
  73  5:05  Drone x2  
  78  5:10  Zergling x2  
  78  5:12  Drone x4  
  83  5:15  Zergling x2  
  83  5:19  Spore Crawler  
  83  5:21  Spore Crawler  
  83  5:23  Zergling x2, Spore Crawler  
  83  5:24  Drone, Baneling  
  83  5:25  Drone x3  
  85  5:31  Zergling x2  
  85  5:32  Zergling x4  
  85  5:33  Drone x2  
  85  5:34  Drone x2  
  91  5:37  Drone, Extractor  
  91  5:38  Extractor  
  91  5:40  Drone x2  
  92  5:46  Drone  
  92  5:47  Evolution Chamber x2  
  91  5:55  Overlord  
  91  5:56  Zergling x2  
  91  5:57  Zergling x8  
  95  6:03  Centrifugal Hooks  
  95  6:10  Drone  
  95  6:11  Zergling x14  
  102  6:13  Overlord  
  102  6:17  Queen  
  104  6:20  Hatchery  
  104  6:24  Zergling x6  
  106  6:25  Baneling  
  106  6:26  Baneling x3  
  106  6:34  Zergling x14  
  106  6:39  Zergling x4  
  115  6:41  Baneling x8  
  115  6:44  Queen  
  114  6:49  Queen  
  114  6:53  Zergling x8  
  120  6:59  Zergling x10  
  125  7:08  Overlord  
  124  7:09  Zergling x2  
  124  7:10  Zergling x2  
  124  7:13  Baneling x10  
  123  7:19  Zergling x10  
  123  7:20  Zergling x2  
  123  7:22  Zergling x6  
  120  7:24  Baneling x4  
  120  7:25  Baneling  
  120  7:29  Zergling x4  
  119  7:33  Zergling x2  
  119  7:34  Zergling x2  

Tags
 
Add a new tag
Caveats
  • Supply blocks, unpowered buildings, or Contaminate may cause inaccurate times.
  • Supply counts are checked every 10 seconds.